 Dungeon Crawl Stone Soup version 0.24-a0-54-g776a2178cb (webtiles) character file.

Game seed: 9046707991866570150

6330 Flugslaktarn the Cleaver (level 10, -9/94 HPs)
             Began as a Deep Dwarf Fighter on Feb 4, 2019.
             Was a Follower of Makhleb.
             Mangled by a two-headed ogre
             ... wielding a cursed -2 giant club
              (17 damage)
             ... on level 10 of the Dungeon.
             The game lasted 00:06:11 (5750 turns).

Flugslaktarn the Cleaver (Deep Dwarf Fighter)       Turns: 5750, Time: 00:06:12

Health: -9/94      AC:  9    Str: 24    XL:     10   Next: 64%
Magic:  1/1        EV:  8    Int:  8    God:    Makhleb [*.....]
Gold:   346        SH: 11    Dex: 12    Spells: 9/9 levels left

rFire    . . .     SeeInvis +   a - +1 war axe
rCold    . . .     Gourm    .   c - +0 shield
rNeg     . . .     Faith    .   b - +0 scale mail
rPois    .         Spirit   .   (no helmet)
rElec    .         Reflect  .   (no cloak)
rCorr    .         Harm     .   (no gloves)
MR       +....                  x - +0 pair of boots {Stlth+}
Stlth    +.........             (no amulet)
HPRegen  0.00/turn              (no ring)
MPRegen  0.07/turn              i - ring of see invisible

@: non-regenerating
A: damage resistance, heal wounds, sense surroundings 2, no regeneration
a: Heal Wounds, Renounce Religion


You were on level 10 of the Dungeon.
You worshipped Makhleb.
Makhleb was aware of your devotion.
You were not hungry.

You visited 2 branches of the dungeon, and saw 11 of its levels.
You also visited: Sewer.

You collected 466 gold pieces.
You spent 120 gold pieces at shops.

Inventory:

Hand Weapons
 a - a +1 war axe (weapon)
Armour
 b - a +0 scale mail (worn)
 c - a +0 shield (worn)
 x - a +0 pair of boots of stealth (worn)
Jewellery
 i - a ring of see invisible (right hand)
Wands
 p - a wand of digging (6) {@v1}
Scrolls
 k - 4 scrolls of enchant weapon
 l - 2 scrolls of fear
 n - a scroll of blinking {@r4}
 q - 5 scrolls of remove curse {@r2}
 s - a scroll of holy word {unknown}
 u - a scroll of acquirement {unknown}
 y - a scroll of enchant armour {unknown}
 B - a scroll of brand weapon {unknown}
 C - a scroll of fog
Potions
 d - 2 potions of might {@q4}
 e - 2 potions of cancellation
 g - a potion of mutation
 j - a potion of resistance {unknown}
 m - a potion of heal wounds {@q2}
 o - a potion of brilliance
 r - a potion of berserk rage
 t - a potion of ambrosia
 v - a potion of agility {@q5}
 w - a potion of magic {unknown}
 z - a potion of degeneration {unknown}
 E - a potion of haste {unknown}
Comestibles
 f - 14 rations {@e1}


   Skills:
 + Level 7.1 Fighting
 * Level 11.2 Axes
 + Level 8.6 Armour
 + Level 8.6 Shields
 + Level 2.4 Invocations


You had 9 spell levels left.
You didn't know any spells.
Your spell library was empty.

Dungeon Overview and Level Annotations

Branches:
Dungeon (10/15)            Temple (1/1) D:5            Lair (0/6) D:10
    Orc (0/2) D:9

Altars:
Ashenzari
Cheibriados
Dithmenos
Fedhas
Gozag
Hepliaklqana
Kikubaaqudgha
Makhleb
Nemelex Xobeh
Qazlal
Ru
Trog
Vehumet
Xom
Yredelemnul
Zin
The Shining One

Shops:
D:6 *

Annotations:
D:3 2 transporters
D:10 Grum


Innate Abilities, Weirdness & Mutations

You are resistant to damage.
You can heal yourself by infusing magical energy.
You passively map the area around you.
You do not regenerate.


Message History

You slash the two-headed ogre!
The two-headed ogre is moderately wounded.
Grum hits you from afar with a -1 spear of piercing.
You block the two-headed ogre's attack. The two-headed ogre barely misses you.
You slash the two-headed ogre!
The two-headed ogre is heavily wounded.
You block Grum's attack.
The two-headed ogre hits you with a cursed -2 giant club!
The two-headed ogre hits you with a +0 giant club!!
* * * LOW HITPOINT WARNING * * *
You slash the two-headed ogre!
The two-headed ogre is almost dead.
You block Grum's attack.
You hit the two-headed ogre but do no damage.
The two-headed ogre is almost dead.
You slash the ogre!
The two-headed ogre hits you with a cursed -2 giant club.
* * * LOW HITPOINT WARNING * * *
The two-headed ogre hits you with a +0 giant club!!
You die...

#.......# .....#
#..##
#.......#*......#
#....
,#.......##......#
#....
#....!..##......#
#....
*,#$......##......#
#.... *
#...##..##......
#.... ...,
#.........., .....
*., ,
*#O.........,......
,*#@.........###....
#O###...... * ,, *
#g# ......* , #h#
...... , , *#.#
..... #.# ,..... * ,
, #.., , , , , , ..>
, , , , , ** * * **
**


You could see a two-headed ogre, Grum, an ogre and a wolf.

Vanquished Creatures
  2 two-headed ogres (D:8)
  A death yak (D:10)
  Pikel (D:8)
  Sigmund (D:5)
  Edmund (D:5)
  An acid dragon (D:6)
  Duvessa (D:6)
  2 slaves (D:8)
  2 orc warriors
  Purgy (Sewer)
  A sky beast (D:7)
  3 ogres
  6 phantoms
  A big kobold (D:8)
  3 bullfrogs
  Dowan (D:6)
  A water moccasin skeleton (D:8)
  2 scorpions
  5 killer bees (D:7)
  2 vampire bats (D:5)
  3 crimson imps
  7 hounds
  A quasit (D:9)
  2 centaur zombies (D:7)
  A bullfrog zombie (D:6)
  7 orc priests
  A centaur skeleton (D:5)
  2 jellies (D:6)
  6 orc wizards
  An iguana (D:8)
  7 worker ants
  2 hound zombies
  16 adders
  3 worms
  A dart slug (D:1)
  22 orcs
  2 ball pythons
  18 bats
  6 giant cockroaches
  3 goblins
  4 hobgoblins
  3 frilled lizards
  A jackal zombie (D:5)
  10 kobolds
  A leopard gecko skeleton (D:4)
  A leopard gecko zombie (D:6)
169 creatures vanquished.

Notes
Turn   | Place    | Note
-------+----------+-------------------------------------------
     0 | D:1      | Flugslaktarn the Deep Dwarf Fighter began the quest for the
                  | Orb.
     0 | D:1      | Reached XP level 1. HP: 20/20 MP: 1/1
    47 | D:1      | Reached XP level 2. HP: 24/27 MP: 2/2
   270 | D:2      | Reached skill level 3 in Axes
   360 | D:2      | Reached XP level 3. HP: 19/33 MP: 2/2
   509 | D:3      | Found a transporter.
   591 | D:3      | Found a transporter.
   673 | D:4      | Reached XP level 4. HP: 42/42 MP: 1/1
   818 | D:4      | Reached skill level 4 in Axes
   818 | D:4      | Reached XP level 5. HP: 36/49 MP: 2/2
   829 | D:4      | Noticed a phantom
   867 | D:4      | Killed a phantom
   867 | D:4      | Reached XP level 6. HP: 41/56 MP: 3/3
  1041 | D:4      | Found a glowing drain.
  1072 | D:4      | Reached skill level 5 in Axes
  1083 | Sewer    | Entered a sewer
  1120 | Sewer    | Noticed Purgy
  1147 | Sewer    | Killed Purgy
  1245 | D:4      | You fall through a shaft for 3 floors!
  1355 | D:6      | Noticed an acid dragon
  1360 | D:6      | Killed an acid dragon
  1360 | D:6      | Reached skill level 5 in Shields
  1360 | D:6      | Reached XP level 7. HP: 46/64 MP: 3/3
  1408 | D:6      | Found Madghemm's General Store.
  1420 | D:6      | Bought a scroll of blinking for 82 gold pieces
  1420 | D:6      | Bought a scroll of fear for 38 gold pieces
  1464 | D:6      | Reached skill level 5 in Armour
  1507 | D:6      | Noticed Dowan
  1513 | D:6      | Reached skill level 6 in Axes
  1516 | D:6      | Noticed Duvessa
  1543 | D:6      | Killed Duvessa
  1556 | D:6      | Killed Dowan
  1556 | D:6      | Reached XP level 8. HP: 46/73 MP: 3/3
  1631 | D:6      | Reached skill level 7 in Axes
  1868 | D:5      | Entered Level 5 of the Dungeon
  1875 | D:5      | Noticed Sigmund
  1884 | D:5      | Killed Sigmund
  1884 | D:5      | Reached skill level 5 in Fighting
  2057 | D:5      | Noticed Edmund
  2069 | D:5      | Killed Edmund
  2069 | D:5      | Reached skill level 8 in Axes
  2252 | D:5      | Found a staircase to the Ecumenical Temple.
  2749 | D:7      | Gained mutation: You passively map the area around you.
                  | [Deep Dwarf growth]
  2749 | D:7      | Reached XP level 9. HP: 64/81 MP: 3/3
  2792 | D:7      | Found a shattered altar of Ashenzari.
  3034 | D:7      | Reached skill level 9 in Axes
  3389 | Temple   | Entered the Ecumenical Temple
  3495 | Temple   | Became a worshipper of Makhleb the Destroyer
  3687 | D:8      | Noticed a two-headed ogre
  3700 | D:8      | HP: 1/82 [two-headed ogre/+0 giant spiked club (14)]
  3711 | D:8      | Killed a two-headed ogre
  3711 | D:8      | Reached skill level 10 in Axes
  3711 | D:8      | Reached XP level 10. HP: 25/92 MP: 3/3
  3754 | D:8      | Noticed Pikel
  3780 | D:8      | Killed Pikel
  3810 | D:8      | Noticed a two-headed ogre
  3833 | D:8      | Killed a two-headed ogre
  4456 | D:2      | Reached * piety under Makhleb
  4531 | D:2      | Found a glowing golden altar of the Shining One.
  4888 | D:9      | Reached skill level 1 in Invocations
  4938 | D:9      | HP: 3/92 [ogre/+0 giant club (17)]
  5004 | D:9      | Found a staircase to the Orcish Mines.
  5213 | D:9      | Reached skill level 11 in Axes
  5559 | D:10     | Entered Level 10 of the Dungeon
  5579 | D:10     | Noticed a death yak
  5579 | D:10     | Noticed a death yak
  5627 | D:10     | Killed a death yak
  5711 | D:10     | Noticed a death yak
  5712 | D:10     | Found a staircase to the Lair.
  5712 | D:10     | Noticed a death yak
  5712 | D:10     | Noticed a death yak
  5712 | D:10     | Noticed a death yak
  5712 | D:10     | Noticed a death yak
  5734 | D:10     | Noticed Grum
  5737 | D:10     | Noticed a two-headed ogre
  5750 | D:10     | Mangled by a two-headed ogre

Vault maps used:
D:1:      dpeg_arrival_rhombi, minmay_misc_feat_iff, lemuel_flame_loot_1
D:2:      tso_oasis_becter
D:3:      gammafunk_steamed_eel, minmay_checkerbox
D:4:      first_ration, gup_sewer_entry_glass
D:5:      temple_statues, kennysheep_doodads, roderic_batcave, nrook_campfire,
          uniq_sigmund, uniq_edmund
D:6:      serial_shops, shop, minmay_misc_feat_doors, uniq_duvessa
D:7:      ashenzari_altar_1
D:8:      uniq_pikel
D:9:      orc_0_dummy
D:10:     dpeg_lair_monsters, chequers_serial_rivers_room_a, uniq_grum
Temple:   kilobyte_greek_temple
Sewer:    sewer_big_baddie

Skill      XL: |  1  2  3  4  5  6  7  8  9 10 |
---------------+-------------------------------+-----
Axes           | 3 4 5 6 8 10 11 | 11.2
Fighting       | 3 4 5 6 7 |  7.1
Armour         | 4 5 6 7 8 |  8.6
Shields        | 4 5 6 7 8 |  8.6
Invocations    | 2 |  2.4

Action                   |  1- 3 |  4- 6 |  7- 9 | 10-12 || total
-------------------------+-------+-------+-------+-------++-------
Melee: War axe           |   101 |   131 |   350 |   173 ||   755
 Abil: Heal Wounds       |     5 |     4 |    19 |    16 ||    44
  Use: Scroll            |       |     8 |     2 |     5 ||    15
       Potion            |       |       |       |     4 ||     4
  Eat: Chunk             |       |     2 |     3 |     6 ||    11
       Ration            |       |       |     1 |     1 ||     2
Armor: Scale mail        |    55 |   101 |   134 |    36 ||   326
Dodge: Dodged            |    47 |    65 |   111 |    47 ||   270
Block: Shield            |    55 |   105 |   206 |    78 ||   444

Table legend:
 A = Non-vault XP
 B = Vault XP
 C = Vault XP percentage of total XP
 D = Non-vault monster count
 E = Vault monster count
 F = Vault count percentage of total count
                 A         B        C        D         E       F
            +---------+---------+-------+---------+---------+-------
      Total |    6611 |    2432 |  26.9 |     140 |      27 |  16.2
            +---------+---------+-------+---------+---------+-------
        D:1 |      24 |       0 |   0.0 |      13 |       0 |   0.0
        D:2 |      58 |       0 |   0.0 |      11 |       0 |   0.0
        D:3 |      39 |       0 |   0.0 |      12 |       0 |   0.0
        D:4 |     358 |      44 |  10.9 |      11 |       5 |  31.2
        D:5 |     237 |     514 |  68.4 |       9 |      12 |  57.1
        D:6 |     941 |     223 |  19.2 |      20 |       2 |   9.1
        D:7 |    1898 |       0 |   0.0 |      31 |       0 |   0.0
        D:8 |    2364 |     641 |  21.3 |      18 |       1 |   5.3
        D:9 |     542 |       0 |   0.0 |      13 |       0 |   0.0
       D:10 |     150 |     868 |  85.3 |       2 |       1 |  33.3
      Sewer |       0 |     142 | 100.0 |       0 |       6 | 100.0
            +---------+---------+-------+---------+---------+-------
